 Dungeon Sprint DCSS version 0.27-a0-637-g3a9f0a9c12 (webtiles) character file.

Game seed: 16294436995843080530

634 mhtbhm the Fighter (level 7, -4/73 HPs)
             Began as a Minotaur Fighter on Mar 14, 2021.
             Was an Elder of Trog.
             Killed by divine providence
             ... invoked by an orc priest
              (13 damage)
             ... while paralysed by a floating eye
             ... in the Dungeon (Sprint VII: "The Pits").
             The game lasted 00:01:11 (372 turns).

mhtbhm the Fighter (Minotaur Fighter)                Turns: 372, Time: 00:01:12

Health: -4/73      AC: 14    Str: 22    XL:     7   Next: 24%
Magic:  6/6        EV:  2    Int:  5    God:    Trog [****..]
Gold:   0          SH:  0    Dex: 10    Spells: 6/6 levels left

rFire    . . .     SeeInvis .   a - +1 hand axe (vorpal)
rCold    . . .     Faith    .   c - +0 kite shield
rNeg     . . .     Spirit   .   b - +3 chain mail
rPois    .         Reflect  .   (helmet restricted)
rElec    .         Harm     .   (no cloak)
rCorr    .         Rampage  .   (no gloves)
Will     .....     NoTele   +   (no boots)
Stlth    ..........             (no amulet)
HPRegen  0.22/turn              (no ring)
MPRegen  0.10/turn              (no ring)

@: paralysed, berserk cooldown, slowed
A: horns 2, retaliatory headbutt
a: Renounce Religion, Berserk, Trog's Hand, Brothers in Arms


You were in the Dungeon.
You worshipped Trog.
Trog was greatly pleased with you.
You visited 1 branch

Inventory:

Hand Weapons
 a - a +1 vorpal hand axe (weapon)
Armour
 b - a +3 chain mail (worn)
 c - a +0 kite shield (worn)
Scrolls
 j - a scroll of blinking
 l - a scroll of summoning
Potions
 d - a potion of might
 e - 6 potions of curing
 f - 6 potions of heal wounds
 g - a potion of haste
 h - 4 potions of magic
 i - 3 potions of berserk rage
 k - 2 potions of invisibility


   Skills:
 + Level 10.6 Fighting
 + Level 7.5 Axes
 + Level 10.6 Armour
 + Level 1.0 Dodging
 + Level 10.6 Shields


You had 6 spell levels left.
You didn't know any spells.
Your spell library was empty.

Dungeon Overview and Level Annotations

Branches:
Dungeon (1/1)

Altars:
Cheibriados
Dithmenos
Elyvilon
Fedhas
Gozag
Hepliaklqana
Makhleb
Nemelex Xobeh
Okawaru
Qazlal
Ru
Sif Muna
Trog
Vehumet
Wu Jian
Xom
Yredelemnul
Zin
The Shining One
Beogh
Jiyva
Lugonu

Annotations:
D Edmund


Innate Abilities, Weirdness & Mutations

You have a pair of horns on your head.
You reflexively headbutt those who attack you in melee.


Message History

* * * LOW HITPOINT WARNING * * *
The orc priest casts a cantrip, but nothing happens.
The orc priest calls upon Beogh to heal the orc priest.
The orc priest is healed somewhat.
You can move again.
You slash the orc priest!
You kill the orc priest!
Trog accepts your kill.
You hit the orc warrior. You block the orc warrior's attack.
Unknown command.
You closely miss Edmund. You slash the orc warrior!
You are no longer berserk.
You are exhausted.
You feel yourself slow down. You block Edmund's attack.
Unknown command.
You closely miss Edmund.
You hit the orc warrior but do no damage.
You block the orc warrior's attack. You block Edmund's attack.
The orc priest begins to cast a cantrip, but forgets the words!
The orc warrior closely misses you.
Unknown command.
You hit Edmund but do no damage. You hit the orc warrior.
You block Edmund's attack. The orc warrior barely misses you.
You furiously retaliate!
You headbutt the orc warrior. You block Edmund's attack.
Unknown command.
You hit Edmund but do no damage. You headbutt Edmund.
Edmund is lightly wounded.
You hit the orc warrior but do no damage.
The floating eye gazes piercingly through you!
You suddenly lose the ability to move!
The orc warrior barely misses you.
The orc priest mumbles some strange prayers to Beogh against you.
Beogh smites you!
* * * LOW HITPOINT WARNING * * *
Edmund hits you but does no damage. The floating eye seems to glare at you.
The orc warrior completely misses you.
The orc priest mumbles some strange prayers to Beogh against you.
Beogh smites you!
You die...

#.#..#...'.##.....
#.#..#...#.#####'#
#.#..#####.##.....
#.#.†)..)#.##.....
#.#.†'...'.##.....
#.#..########...<.
#.#..'.)[).##.....
#.#..#.)))[##.....
#@###########.....
#@oo....# ######
#oG.....#
#...#...# #..##
..# #... .# #... #
#....


You could see Edmund, an orc warrior, a floating eye (charged), an orc priest
and an orc.

Vanquished Creatures
  A fire bat (D)
  2 floating eyes (D)
  An orc warrior (D)
  A wolf (D)
  An orc priest (D)
  An orc wizard (D)
  2 worker ants (D)
  A gnoll (D)
  3 orcs (D)
  2 jackals (D)
  A ball python (D)
  A jackal zombie (D)
17 creatures vanquished.

Notes
Turn   | Place    | Note
-------+----------+-------------------------------------------
     0 | D        | mhtbhm the Minotaur Fighter began the quest for the Orb.
     0 | D        | Reached XP level 1. HP: 19/19 MP: 0/0
     8 | D        | Noticed a floating eye
    10 | D        | Paralysed by a floating eye for 4 turns
    15 | D        | Killed a floating eye
    16 | D        | Reached XP level 2. HP: 34/34 MP: 1/1
    16 | D        | Reached XP level 3. HP: 39/39 MP: 2/2
    16 | D        | Reached XP level 4. HP: 47/47 MP: 3/3
    20 | D        | Found a bloodstained altar of Trog.
    20 | D        | Found a shimmering blue altar of Sif Muna.
    20 | D        | Found a viscous altar of Jiyva.
    20 | D        | Found a hazy altar of Hepliaklqana.
    20 | D        | Found an opulent altar of Gozag.
    21 | D        | Found a glowing golden altar of the Shining One.
    21 | D        | Found a glowing silver altar of Zin.
    21 | D        | Found a basalt altar of Yredelemnul.
    21 | D        | Found a shimmering altar of Xom.
    21 | D        | Found an ornate altar of the Wu Jian Council.
    21 | D        | Found a sacrificial altar of Ru.
    21 | D        | Found a stormy altar of Qazlal.
    21 | D        | Found an iron altar of Okawaru.
    21 | D        | Found a sparkling altar of Nemelex Xobeh.
    21 | D        | Found a burning altar of Makhleb.
    21 | D        | Found a blossoming altar of Fedhas.
    21 | D        | Found a white marble altar of Elyvilon.
    21 | D        | Found a shadowy altar of Dithmenos.
    21 | D        | Found a snail-covered altar of Cheibriados.
    23 | D        | Found a radiant altar of Vehumet.
    23 | D        | Found a corrupted altar of Lugonu.
    25 | D        | Became a worshipper of Trog the Wrathful
    60 | D        | Noticed a floating eye
    63 | D        | Killed a floating eye
    64 | D        | Reached XP level 5. HP: 56/56 MP: 4/4
    83 | D        | Reached * piety under Trog
   246 | D        | Noticed a fire bat
   249 | D        | Reached ** piety under Trog
   256 | D        | Killed a fire bat
   257 | D        | Reached XP level 6. HP: 66/66 MP: 5/5
   347 | D        | Noticed an orc warrior
   348 | D        | Noticed an orc warrior
   348 | D        | Noticed Edmund
   352 | D        | Reached *** piety under Trog
   356 | D        | Noticed a floating eye
   357 | D        | Reached skill level 10 in Fighting
   357 | D        | Reached skill level 10 in Armour
   357 | D        | Reached skill level 10 in Shields
   360 | D        | Killed an orc warrior
   360 | D        | Reached **** piety under Trog
   361 | D        | Reached skill level 1 in Dodging
   361 | D        | Reached XP level 7. HP: 73/73 MP: 6/6
   363 | D        | Paralysed by a floating eye for 3 turns
   371 | D        | Paralysed by a floating eye for 3 turns
   372 | D        | Killed from afar by an orc priest

Illustrated notes

Levels and vault maps discovered:
D:        pitsprint [storerooms_1, entrance_room_1, metal_vault_4, armoury_2,
          mini_pit_1, grid_room_1, main_hall_1, silver_pit, the_coven_2,
          the_vestibule_1, steel_vault_3, golden_pit, hallway_of_sentries,
          crystal_vault_5, iron_vault_2, final_vault]

Skill      XL: |  1  2  3  4  5  6 |
---------------+-------------------+-----
Fighting       | 7 8 9 10 | 10.6
Axes           | 3 4 6 7 |  7.5
Armour         | 7 8 9 10 | 10.6
Shields        | 6 8 9 10 | 10.6
Dodging        | 1 |  1.0

Action                   |  1- 3 |  4- 6 |  7- 9 || total
-------------------------+-------+-------+-------++-------
Melee: War axe           |     3 |       |       ||     3
       Headbutt          |     1 |     5 |     2 ||     8
       Hand axe          |       |    28 |     8 ||    36
Invok: Berserk           |       |     2 |       ||     2
Armor: Scale mail        |       |    12 |       ||    12
       Chain mail        |       |     2 |     1 ||     3
Dodge: Dodged            |       |     8 |     4 ||    12
Block: Kite shield       |       |    20 |     6 ||    26

Table legend: (Time is in decaauts)
 A = Elapsed time spent in this place.
 B = Non-inter-level travel time spent in this place.
 C = Inter-level travel time spent in this place.
 D = Time resting spent in this place.
 E = Time spent auto-exploring this place.
 F = Levels seen in this place.
 G = Mean time per level.
                   A        B        C        D        E       F      G
               +--------+--------+--------+--------+--------+-----+--------+
         Total |    381 |    381 |      0 |    184 |     35 |   1 |  381.0 |
       Dungeon |    381 |    381 |      0 |    184 |     35 |   1 |  381.0 |
               +--------+--------+--------+--------+--------+-----+--------+

Top non-repeatable levels by time:
       D: 381 daAuts
